 Dungeon Crawl Stone Soup version 0.28.0-53-g5a82cb258f (webtiles) character file.

Game seed: 14377513223510071554

78187 raph the Geomancer (level 15, -3/85 HPs)
             Began as a Deep Elf Earth Elementalist on Aug 15, 2022.
             Was a High Priest of Vehumet.
             Slain by an ice devil (7 damage)
             ... in an ice cave.
             The game lasted 01:02:51 (33916 turns).

raph the Geomancer (Deep Elf Earth Elementalist)   Turns: 33916, Time: 01:02:52

Health: -3/85      AC: 19    Str:  5    XL:     15   Next: 17%
Magic:  17/33      EV: 14    Int: 28    God:    Vehumet [*****.]
Gold:   1185       SH:  6    Dex: 15    Spells: 3/38 levels left

rFire   . . .      SeeInvis +   O - +11 whip of Gluttony {protect, rC++}
rCold   + + .      Faith    .   x - +1 buckler
rNeg    + + .      Spirit   .   Y - +0 acid dragon scales
rPois   .          Reflect  .   (no helmet)
rElec   .          Harm     .   i - +2 cloak {Will+}
rCorr   +          Rampage  .   d - +2 pair of gloves {hurl}
Will    ++...                   m - +2 pair of boots
Stlth   +++++.....              p - amulet of regeneration
HPRegen 1.04/turn               e - ring "Jocat" {rN++ rCorr SInv}
MPRegen 0.23/turn               F - +4 ring of protection

@: very slightly contaminated
A: no striking features
a: Renounce Religion


You were in an ice cave.
You worshipped Vehumet.
Vehumet was extremely pleased with you.
You visited 4 branches of the dungeon, and saw 22 of its levels.
You also visited: Ossuary and Ice Cave.

You collected 2576 gold pieces.
You spent 1391 gold pieces at shops.

Inventory:

Hand Weapons
 a - the +4 rapier "Vatoeq" {freeze, *Noise rF+ Int+9}
   (You found it on level 7 of the Dungeon)

   It freezes those it strikes, dealing additional cold damage.
   It can also slow down cold-blooded creatures.
   Int:       It affects your intelligence (+9).
   rF:        It protects you from fire.
   *Noise:    It may make noises in combat.
 k - a +6 short sword of venom
 O - the +11 whip of Gluttony (weapon) {protect, rC++}
   (You found it on level 1 of the Lair of Beasts)

   It grants its wielder temporary protection when it strikes (+7 to AC).
   rC:        It greatly protects you from cold.
Missiles
 c - 141 stones
 Z - 2 throwing nets
Armour
 d - a +2 pair of gloves of hurling (worn)
 i - a +2 cloak of willpower (worn)
 m - a +2 pair of boots (worn)
 x - a +1 buckler (worn)
 Y - +0 acid dragon scales (worn)
Magical Staves
 b - a staff of earth
Jewellery
 e - the ring "Jocat" (left hand) {rN++ rCorr SInv}
   (You acquired it on level 2 of the Dungeon)

   [ring of resist corrosion]

   rN:        It greatly protects you from negative energy.
   SInv:      It lets you see invisible.
   rCorr:     It protects you from acid and corrosion.
 n - a +6 ring of strength
 p - an amulet of regeneration (around neck)
 y - a ring of fire
 B - a +4 ring of slaying
 E - a ring of wizardry
 F - a +4 ring of protection (right hand)
 H - a ring of flight
Wands
 o - a wand of digging (21)
 q - a wand of flame (11)
 s - a wand of iceblast (18)
 C - a wand of acid (5)
 J - a wand of paralysis (10)
 K - a wand of charming (16)
 P - a wand of mindburst (4)
Scrolls
 f - 2 scrolls of brand weapon
 g - 3 scrolls of magic mapping
 u - 4 scrolls of fear
 w - 3 scrolls of summoning
 G - 8 scrolls of teleportation
 N - a scroll of silence
 Q - 2 scrolls of blinking
 V - a scroll of amnesia
 W - a scroll of enchant weapon
 X - 4 scrolls of identify
Potions
 h - 5 potions of mutation
 j - 2 potions of cancellation
 l - 4 potions of magic
 r - 4 potions of lignification
 t - 7 potions of curing
 v - 6 potions of heal wounds
 z - 2 potions of flight
 A - 8 potions of haste
 D - 4 potions of attraction
 I - 2 potions of invisibility
 L - 9 potions of brilliance
 M - 6 potions of might
 R - 6 potions of ambrosia
Miscellaneous
 S - a condenser vane


   Skills:
 + Level 6.8 Fighting
 * Level 7.6 Short Blades
 + Level 1.9 Armour
 + Level 10.6 Dodging
 + Level 11.9 Stealth
 - Level 3.9 Shields
 + Level 12.3 Spellcasting
 * Level 11.1 Conjurations
 - Level 7.8 Summonings
 - Level 1.1 Transmutations
 + Level 8.9 Fire Magic
 + Level 12.8 Earth Magic
 + Level 5.7 Evocations


You had 3 spell levels left.
You knew the following spells:

 Your Spells              Type           Power      Damage    Failure   Level
a - Sandblast             Erth           100%       2d20      1%          1
b - Passwall              Tmut/Erth      45%        N/A       1%          2
c - Lee's Rapid Deconstr  Erth           36%        3d19*     1%          5
d - Animate Armour        Summ/Erth      100%       N/A       1%          4
e - Fireball              Conj/Fire      32%        3d14      1%          5
f - Foxfire               Conj/Fire      100%       2x1d9     1%          1
g - Mephitic Cloud        Conj/Pois/Air  38%        N/A       1%          3
h - Iskenderun's Mystic   Conj/Tloc      48%        2d11      2%          4
i - Sticky Flame          Conj/Fire      65%        2d8       1%          4
j - Iron Shot             Conj/Erth      35%        9d7       2%          6

Your spell library contained the following spells:

 Spells                   Type           Power      Damage    Failure   Level
 Conjure Ball Lightning   Conj/Air       24%        3x3d7     32%         6
 Static Discharge         Conj/Air       48%        N/A       1%          2
 Conjure Flame            Conj/Fire      65%        6-21      1%          3
 Dazzling Flash           Conj/Hex       96%        N/A       1%          3
 Inner Flame              Hex/Fire       42%        N/A       1%          3
 Stone Arrow              Conj/Erth      100%       3d13      1%          3
 Slow                     Hex            68%        N/A       9%          1
 Confusing Touch          Hex            17%        N/A       26%         3
 Vampiric Draining        Necr           17%        2d7       26%         3
 Flame Wave               Conj/Fire      65%        2d12      1%          4
 Petrify                  Tmut/Erth      54%        N/A       4%          4
 Starburst                Conj/Fire      32%        6d10      6%          6
 Olgreb's Toxic Radiance  Pois           17%        N/A       22%         4
 Cause Fear               Hex            8%         N/A       65%         4
 Dispel Undead            Necr           17%        3d10      65%         4
 Lehudib's Crystal Spear  Conj/Erth      35%        10d9      67%         8
 Ignition                 Fire           30%        3d10      97%         8
 Dragon Form              Tmut           11%        N/A       100%        7
 Ozocubu's Refrigeration  Ice            8%         4d6       100%        7
 Discord                  Hex            8%         N/A       100%        8
 Dragon's Call            Summ           28%        N/A       100%        9


Dungeon Overview and Level Annotations

Branches:
Dungeon (13/15)            Temple (1/1) D:6            Lair (6/6) D:10
 Shoals (0/4) Lair:2        Snake (0/4) Lair:4        Slime (0/5) Lair:5
    Orc (2/2) D:11            Elf (0/3) Orc:2       Ossuary (visited)
  IceCv (1/1)
 Vaults: D:13-14

Altars:
Ashenzari
Cheibriados
Dithmenos
Elyvilon
Fedhas
Gozag
Hepliaklqana
Kikubaaqudgha
Makhleb
Nemelex Xobeh
Okawaru
Qazlal
Ru
Sif Muna
Trog
Uskayaw
Vehumet
Wu Jian
Xom
Yredelemnul
Zin
The Shining One
Jiyva

Shops:
D:7 !!=?   D:10 !   Orc:2 *=*![

Annotations:
Orc:2 2 transporters, Ashen's ghost, journeyman DsIE


Message History

Press: ? - help, Shift-Dir - straight line The puff of flame hits the reaper but does no damage.
The reaper is almost dead.
The reaper barely misses you.
The reaper hits you from afar with a +1 scythe of freezing!!
The reaper freezes you.
Casting: Lee's Rapid Deconstruction (mildly dangerous; 1% risk of failure)
Confirm with . or Enter, or press ? or * to list all spells.
You erupt in a blast of force!
The mystic blast hits the reaper but does no damage.
The reaper is almost dead.
The mystic blast hits the ice devil.
The ice devil is lightly wounded.
The ice devil is knocked back by the mystic blast.
The ice devil collides with the reaper!
An anaconda simulacrum comes into view.
The reaper closely misses you.
Casting: Iskenderun's Mystic Blast (dangerous; 2% risk of failure)
Confirm with . or Enter, or press ? or * to list all spells.
You don't have enough magic to cast this spell.
Magic courses through your body. The ice devil hits you.
The ice devil freezes you. You resist. You block the reaper's attack.
Casting: Iskenderun's Mystic Blast (dangerous; 2% risk of failure)
Confirm with . or Enter, or press ? or * to list all spells.
You erupt in a blast of force!
The mystic blast hits the reaper but does no damage.
The reaper is almost dead.
The mystic blast hits the ice devil!
The ice devil is heavily wounded.
The ice devil is knocked back by the mystic blast.
The ice devil collides with the reaper!
The ice devil is heavily wounded.
The reaper hits you from afar with a +1 scythe of freezing!!
* * * LOW HITPOINT WARNING * * *
The reaper freezes you.
* * * LOW HITPOINT WARNING * * *
The ice devil hits you.
* * * LOW HITPOINT WARNING * * *
The ice devil freezes you! You resist.
You die...

##### ##...##### ##
##........## ######..##
#..........###.#.......
##..........#.........#
#...............##°####
##.......@42Z.###
#..........###
#.#....#.### ####..####
##..# ##..## #..##
#...## ##...##


You could see a reaper, an ice devil and an anaconda simulacrum.

Vanquished Creatures
  Rupert (Orc:2)
  A dire elephant (Lair:6)
  The ghost of carontestyx the Fighter, a journeyman MiHu (D:10)
  Harold (D:11)
  A catoblepas (Lair:6)
  6 hydras
  A two-headed ogre (D:11)
  9 death yaks
  A deep troll shaman (Lair:6)
  Urug (D:11)
  3 orc high priests (Orc:2)
  The ghost of erker the Transmogrifier, a novice OpEE of Gozag (D:8)
  2 wizards (D:8)
  A necromancer (D:10)
  5 orc knights
  A deep elf pyromancer (D:13)
  An ugly thing (D:13)
  7 orc sorcerers
  A cyclops (D:12)
  A merfolk siren (Lair:2)
  26 elephants
  3 black mambas
  12 centaur zombies
  A gargoyle (D:12)
  20 cane toads
  A torpor snail (Lair:6)
  16 komodo dragons
  2 ice statues (IceCv)
  An unseen horror (D:12)
  2 rime drakes (Lair:1)
  3 kobold demonologists
  A freezing wraith (IceCv)
  An anaconda simulacrum (IceCv)
  2 ice devils (IceCv)
  2 burning bushes (Lair:6)
  A queen bee (D:11)
  4 trolls
  3 polar bears (Lair:6)
  13 blink frogs
  9 slime creatures
  4 flying skulls (D:10)
  Sigmund (D:5)
  4 shadows
  38 yaks
  2 wyverns
  2 wraiths (D:10)
  3 basilisks
  3 steam dragons
  2 acid dragons
  Duvessa (D:5)
  A naga (Lair:4)
  2 wargs
  10 water moccasins
  22 orc warriors
  3 black bears
  3 ice beasts
  9 ogres
  4 necrophages
  7 wolves
  7 centaurs
  6 kobold brigands
  8 bullfrogs
  4 scorpions
  3 gnoll sergeants
  2 wyvern zombies
  3 cane toad simulacra (IceCv)
  3 two-headed ogre simulacra
  A water moccasin zombie (D:5)
  Dowan (D:5)
  3 water moccasin skeletons (D:6)
  5 wights (D:10)
  30 killer bees (D:11)
  2 howler monkeys
  3 jellies
  An electric eel (Lair:2)
  2 bullfrog zombies
  2 gnoll shamans
  2 hounds
  A bullfrog skeleton (D:6)
  7 centaur skeletons
  19 orc priests
  Jessica (D:2)
  An iguana (D:6)
  24 orc wizards
  6 troll simulacra
  A polar bear simulacrum (IceCv)
  2 spriggan simulacra
  A killer bee zombie (D:8)
  2 wolf simulacra
  8 mummies (Ossuary)
  A spectral howler monkey (D:8)
  3 howler monkey zombies
  25 gnolls
  3 howler monkey skeletons
  4 naga simulacra
  11 adders
  A shadow imp (D:6)
  2 white imps (D:6)
  An ufetubus (IceCv)
  4 worms
  2 dart slugs
  46 orcs
  10 bats
  8 endoplasms
  A giant cockroach (D:3)
  2 gnoll zombies (Ossuary)
  9 goblins
  4 hobgoblins
  8 jackals
  7 quokkas
  4 ball pythons
  8 frilled lizards
  A hobgoblin zombie (Ossuary)
  27 kobolds
  3 kobold zombies (Ossuary)
  2 orc zombies (Ossuary)
  8 rats
  A bush (Lair:6)
657 creatures vanquished.

Vanquished Creatures (collateral kills)
  A centaur zombie (D:10)
  A howler monkey (D:10)
  A hobgoblin (D:2)
3 creatures vanquished.

Vanquished Creatures (others)
  An ufetubus (IceCv)
  An orc (D:8)
  241 foxfires
  58 fungi
  94 plants
395 creatures vanquished.

Grand Total: 1055 creatures vanquished

Notes
Turn   | Place    | Note
-------+----------+-------------------------------------------
     0 | D:1      | raph the Deep Elf Earth Elementalist began the quest for
                  | the Orb.
     0 | D:1      | Reached XP level 1. HP: 10/10 MP: 6/6
   113 | D:1      | Reached XP level 2. HP: 15/15 MP: 5/8
   143 | D:1      | Learned a level 2 spell: Passwall
   905 | D:1      | Reached XP level 3. HP: 14/19 MP: 7/9
   990 | D:1      | Learned a level 3 spell: Stone Arrow
  1207 | D:2      | Noticed Jessica
  1211 | D:2      | Killed Jessica
  1252 | D:2      | Reached XP level 4. HP: 24/24 MP: 11/11
  1330 | D:2      | Found a stormy altar of Qazlal.
  1355 | D:2      | Identified a scroll of acquirement
  1355 | D:2      | Acquired the ring "Jocat" {rN++ rCorr SInv}
  1896 | D:2      | Reached XP level 5. HP: 24/28 MP: 7/13
  2113 | D:2      | Reached skill level 5 in Earth Magic
  2184 | D:2      | Found a faded altar of an unknown god.
  2628 | D:3      | Learned a level 4 spell: Animate Armour
  2700 | D:3      | Reached XP level 6. HP: 26/32 MP: 14/14
  3451 | D:4      | Found a sparkling altar of Nemelex Xobeh.
  3484 | D:4      | Reached skill level 1 in Summonings
  4236 | D:5      | Entered Level 5 of the Dungeon
  4265 | D:5      | Reached XP level 7. HP: 36/36 MP: 10/15
  4589 | D:5      | Noticed Dowan
  4590 | D:5      | Noticed Duvessa
  4609 | D:5      | Killed Dowan
  4942 | D:5      | Killed Duvessa
  5086 | D:5      | Noticed Sigmund
  5169 | D:5      | Reached skill level 5 in Summonings
  5284 | D:5      | Reached XP level 8. HP: 26/41 MP: 9/16
  5734 | D:5      | Found a glowing silver altar of Zin.
  5926 | D:5      | Killed Sigmund
  6055 | D:5      | Learned a level 4 spell: Petrify
  6524 | D:5      | Reached skill level 1 in Conjurations
  6690 | D:6      | Found a staircase to the Ecumenical Temple.
  6698 | Temple   | Entered the Ecumenical Temple
  6893 | Temple   | Became a worshipper of Vehumet
  7127 | D:6      | Reached XP level 9. HP: 44/45 MP: 10/17
  7245 | D:6      | Reached skill level 1 in Fighting
  7245 | D:6      | Reached skill level 1 in Shields
  7438 | D:6      | Reached * piety under Vehumet
  7438 | D:6      | Offered knowledge of Shock by Vehumet.
  7440 | D:6      | Reached skill level 5 in Stealth
  7613 | D:6      | Learned a level 1 spell: Foxfire
  7771 | D:6      | Found an ancient bone altar of Kikubaaqudgha.
  7852 | D:6      | Found a hazy altar of Hepliaklqana.
  7922 | D:6      | Found a shimmering blue altar of Sif Muna.
  7945 | D:7      | Found Nepej's Jewellery Shop.
  8207 | D:7      | Reached skill level 5 in Dodging
  8218 | D:7      | Identified the +4 rapier "Vatoeq" {freeze, *Noise rF+
                  | Int+9}
  8353 | D:7      | Found Nuheisch's Distillery.
  8356 | D:7      | Bought a potion of curing for 39 gold pieces
  8356 | D:7      | Bought a potion of brilliance for 52 gold pieces
  8356 | D:7      | Bought 2 potions of magic for 208 gold pieces
  8356 | D:7      | Bought a potion of degeneration for 13 gold pieces
  8391 | D:7      | Found a snail-covered altar of Cheibriados.
  8391 | D:7      | Found a glowing golden altar of the Shining One.
  8397 | D:7      | Reached skill level 1 in Fire Magic
  8432 | D:7      | Found Jiusa's Distillery.
  8436 | D:7      | Found Kisefued's Magic Scroll Emporium.
  8440 | D:7      | Bought a potion of heal wounds for 70 gold pieces
  8657 | D:8      | Reached skill level 5 in Spellcasting
  8688 | D:8      | Found a runed translucent gate.
  8688 | D:8      | Found a runed translucent gate.
  8690 | D:8      | Found a runed translucent gate.
  8693 | D:8      | Noticed erker's ghost (novice OpEE)
  8779 | D:8      | Offered knowledge of Poisonous Vapours by Vehumet.
  8794 | D:8      | Reached ** piety under Vehumet
  8848 | D:8      | Found a sand-covered staircase.
  8856 | Ossuary  | Entered an ossuary
  9301 | D:8      | Noticed a wizard
  9305 | D:8      | Reached XP level 10. HP: 32/53 MP: 12/20
  9307 | D:8      | Noticed a wizard
  9316 | D:8      | You fall into a shaft and drop 3 floors!
  9351 | D:10     | Entered Level 10 of the Dungeon
  9450 | D:10     | Reached skill level 10 in Earth Magic
  9458 | D:10     | Offered knowledge of Mephitic Cloud by Vehumet.
  9531 | D:10     | Learned a level 3 spell: Mephitic Cloud
  9594 | D:10     | Reached *** piety under Vehumet
  9756 | D:10     | Reached skill level 5 in Conjurations
  9778 | D:10     | Offered knowledge of Ignite Poison by Vehumet.
  9891 | D:10     | Reached XP level 11. HP: 30/60 MP: 11/23
 10079 | D:10     | Learned a level 4 spell: Iskenderun's Mystic Blast
 10092 | D:10     | Noticed a necromancer
 10100 | D:10     | Killed a necromancer
 10130 | D:10     | Found Qathox's Distillery.
 10692 | D:9      | Found a stormy altar of Qazlal.
 10877 | D:8      | Identified the +1 robe of Wilahurula {+Inv rElec rCorr
                  | Slay-6}
 10950 | D:8      | Killed a wizard
 10978 | D:8      | Killed a wizard
 11409 | D:9      | Reached **** piety under Vehumet
 11935 | D:10     | Offered knowledge of Fireball by Vehumet.
 12041 | D:7      | Bought a scroll of amnesia for 42 gold pieces
 12048 | D:7      | Learned a level 5 spell: Fireball
 12184 | D:10     | Found an iron altar of Okawaru.
 12313 | D:10     | Found a runed translucent door.
 12313 | D:10     | Noticed carontestyx's ghost (journeyman MiHu)
 12503 | D:10     | Bought 2 potions of haste for 240 gold pieces
 12503 | D:10     | Bought a potion of brilliance for 48 gold pieces
 12503 | D:10     | Bought a potion of brilliance for 48 gold pieces
 12505 | D:10     | Bought a potion of curing for 36 gold pieces
 12507 | D:10     | Found a staircase to the Lair.
 12620 | D:10     | Reached skill level 5 in Fire Magic
 12787 | Lair:1   | Entered Level 1 of the Lair of Beasts
 13484 | Lair:1   | Reached XP level 12. HP: 67/67 MP: 21/27
 14070 | Lair:1   | Identified the +11 whip of Gluttony {protect, rC++}
 14631 | Lair:2   | Found a staircase to the Shoals.
 14910 | Lair:2   | Noticed a five-headed hydra
 14916 | Lair:2   | Killed a five-headed hydra
 14917 | Lair:2   | Reached skill level 10 in Spellcasting
 15154 | Lair:2   | Learned a level 4 spell: Sticky Flame
 15210 | Lair:2   | Reached ***** piety under Vehumet
 15215 | Lair:2   | Reached skill level 5 in Fighting
 15501 | Lair:2   | Offered knowledge of Iron Shot by Vehumet.
 16465 | Lair:3   | Reached skill level 1 in Short Blades
 16490 | Lair:3   | Reached skill level 1 in Evocations
 17849 | Lair:4   | You fall into a shaft and drop 1 floor!
 17849 | Lair:5   | Found a staircase to the Slime Pits.
 17917 | Lair:4   | Noticed a death yak
 17917 | Lair:4   | Noticed a death yak
 17917 | Lair:4   | Noticed a death yak
 17923 | Lair:4   | Killed a death yak
 17924 | Lair:4   | Reached skill level 10 in Stealth
 17924 | Lair:4   | Killed a death yak
 17925 | Lair:4   | Reached XP level 13. HP: 73/73 MP: 5/29
 18257 | Lair:4   | Found a staircase to the Snake Pit.
 18614 | Lair:4   | Learned a level 6 spell: Iron Shot
 19670 | Lair:5   | Found a viscous altar of Jiyva.
 21080 | Lair:5   | Identified the +5 quarterstaff of Neurosis {vamp, rF++ rN+
                  | Str+4}
 21805 | Lair:6   | Entered Level 6 of the Lair of Beasts
 23860 | Lair:6   | Reached skill level 5 in Short Blades
 24041 | Lair:6   | Reached XP level 14. HP: 80/80 MP: 23/31
 26098 | Lair:6   | Reached skill level 10 in Dodging
 26218 | Lair:6   | Reached skill level 10 in Conjurations
 26544 | Lair:6   | Identified the +10 war axe "Newuss" {drain, +Blink rPois
                  | Str+4 Int-3}
 27087 | D:11     | Found a staircase to the Orcish Mines.
 27312 | D:11     | Offered knowledge of Lee's Rapid Deconstruction by Vehumet.
 27531 | D:11     | Learned a level 5 spell: Lee's Rapid Deconstruction
 27644 | D:11     | Noticed Harold
 27651 | D:11     | Killed Harold
 28119 | D:11     | Noticed Urug
 28123 | D:11     | Killed Urug
 28602 | Orc:1    | Entered Level 1 of the Orcish Mines
 29066 | Orc:2    | Entered Level 2 of the Orcish Mines
 29066 | Orc:2    | Noticed Rupert
 29074 | Orc:2    | Killed Rupert
 29075 | Orc:2    | Reached skill level 1 in Armour
 29217 | Orc:2    | Reached skill level 5 in Evocations
 29729 | Orc:2    | Found a staircase to the Elven Halls.
 29734 | Orc:2    | Found a transporter.
 29734 | Orc:2    | Noticed Ashen's ghost (journeyman DsIE)
 29830 | Orc:2    | Found a transporter.
 29870 | Orc:2    | Found Rumunt's General Store.
 29875 | Orc:2    | Offered knowledge of Yara's Violent Unravelling by Vehumet.
 29880 | Orc:2    | Paralysed by an orc sorcerer for 6 turns
 30551 | Orc:2    | Found Anics's Armour Shop.
 31420 | Orc:2    | Found Naupuok's Jewellery Shop.
 31421 | Orc:2    | Found Gubbor's Distillery.
 31445 | Orc:2    | Found Ystueggi's General Store.
 31459 | Orc:2    | Bought a potion of haste for 170 gold pieces
 31459 | Orc:2    | Bought 2 potions of haste for 340 gold pieces
 31459 | Orc:2    | Bought a potion of heal wounds for 85 gold pieces
 31764 | D:8      | Killed erker's ghost
 31972 | D:10     | Killed carontestyx's ghost
 32213 | D:12     | Reached XP level 15. HP: 85/85 MP: 25/33
 32748 | D:12     | Found a broken altar of Ashenzari.
 33114 | D:13     | Found a frozen archway.
 33366 | IceCv    | Entered an ice cave
 33905 | IceCv    | Offered knowledge of Conjure Ball Lightning by Vehumet.
 33916 | IceCv    | HP: 4/85 [ice devil (3)]
 33916 | IceCv    | Slain by an ice devil

Illustrated notes

Levels and vault maps discovered:
D:1:      mrwooster_arrival_arrow, layout_rooms
D:2:      cheibrodos_pilgrimage, layout_loops_ring,
          dreamdust_ecumenical_altar_hidden_monk_grotto, basic_altar,
          kennysheep_generic_room_9, uniq_jessica
D:3:      layout_basic
D:4:      layout_loops_ring, general_overflow_altar
D:5:      layout_layer_cave, kennysheep_little_box, nrook_loot_triangle,
          minmay_misc_feat_rugged, uniq_sigmund, uniq_duvessa
D:6:      lemuel_ice_spiral_2, layout_rooms, lemuel_blue_sif_altar,
          marbit_many_paths, lemuel_round_altar,
          minmay_temple_entry_stoned_glass, minmay_joined_circles
D:7:      layout_rooms, gammafunk_temple_overflow_wave, serial_shops,
          kennysheep_mini_moat, shop, shop, shop
D:8:      cheibrodos_wizards_tower, layout_rooms, gammafunk_ghost_necromancy,
          lightli_ossuary_entry_decrepit_ruins, chequers_serial_rivers_marsh
D:9:      layout_basic, mainiacjoe_overflow_small_starburst
D:10:     hangedman_screamer, layout_cave_pools, kennysheep_okawaru_gauntlet,
          lair_entry_dummy, serial_shops, shop, gammafunk_ghost_grave
D:11:     layout_loops_corners, orc_0_dummy, special_room [special_room_bee],
          uniq_harold, uniq_urug
D:12:     layout_big_octagon, ashenzari_altar_1
D:13:     layout_grid_maze, portal_ice_cave_entry_ice_simulacra
Temple:   dshaligram_water_room_temple
Lair:1:   layout_loops_ring, nzn_random_ring
Lair:2:   layout_cave_pods, minmay_shoals_entry_lonely_mermaid,
          serial_bayou_lagoon_a, infiniplex_staircase_pool_2
Lair:3:   layout_regular_city
Lair:4:   layout_cave_pods, guppyfry_snake_entry_garden, serial_bayou_shore_b
Lair:5:   beast_lair_carwin_large_1, layout_loops_ring, slime_altar_1,
          fungi_pond_lemuel, serial_bayou_shore_b, grunt_megastairs_4
Lair:6:   grunt_lair_end_beastmaster, layout_gridlike, evilmike_ambush
          [evilmike_ambush_outer_basic, evilmike_ambush_inner_wall_1],
          infiniplex_staircase_pool
Orc:1:    layout_caves
Orc:2:    st_orc_elflike, layout_caves, serial_shops, shop,
          gammafunk_ghost_arena, uniq_rupert
IceCv:    ice_cave_small_demon

Skill      XL: |  1  2  3  4  5  6  7  8  9 10 11 12 13 14 15 |
---------------+----------------------------------------------+-----
Stealth        | 3 4 5 7 8 10 11 | 11.9
Earth Magic    | 4 5 6 7 9 10 11 12 | 12.8
Dodging        | 3 4 5 6 7 8 9 10 | 10.6
Spellcasting   | 4 5 6 9 10 11 12 | 12.3
Summonings     | 3 5 7 |  7.8
Conjurations   | 2 3 5 6 8 9 10 11 | 11.1
Fighting       | 2 3 4 5 6 |  6.8
Shields        | 2 3 |  3.9
Fire Magic     | 1 3 5 6 7 8 |  8.9
Short Blades   | 2 5 7 |  7.6
Evocations     | 2 4 5 |  5.7
Armour         | 1 |  1.9
Transmutations | |  1.1

Action                   |  1- 3 |  4- 6 |  7- 9 | 10-12 | 13-15 || total
-------------------------+-------+-------+-------+-------+-------++-------
Melee: Quarterstaff      |    19 |       |       |       |       ||    19
       Short sword       |     8 |    37 |     8 |       |       ||    53
       Rapier            |       |       |     1 |   105 |   162 ||   268
 Cast: Sandblast         |    32 |    47 |    98 |   188 |    58 ||   423
       Stone Arrow       |       |    20 |    61 |    92 |     9 ||   182
       Animate Armour    |       |     1 |     8 |     7 |     2 ||    18
       Foxfire           |       |       |    52 |    65 |    20 ||   137
       Fireball          |       |       |       |    46 |   151 ||   197
       Iskenderun's Myst |       |       |       |    12 |    70 ||    82
       Mephitic Cloud    |       |       |       |     9 |     9 ||    18
       Passwall          |       |       |       |     1 |     3 ||     4
       Iron Shot         |       |       |       |       |   111 ||   111
       Lee's Rapid Decon |       |       |       |       |    77 ||    77
Evoke: Wand              |       |       |     2 |     2 |     7 ||    11
  Use: Scroll            |       |     7 |    10 |    10 |     4 ||    31
       Potion            |       |       |       |       |     3 ||     3
 Stab: Sleeping          |     2 |     1 |       |       |     1 ||     4
       Confused          |       |       |       |     2 |     4 ||     6
Armor: Robe              |    15 |    27 |    17 |    89 |    71 ||   219
       Acid dragon scale |       |       |       |       |    30 ||    30
Dodge: Dodged            |    24 |    29 |    49 |   199 |   198 ||   499
Block: Buckler           |       |       |    13 |    76 |    85 ||   174
